 Dungeon Crawl Stone Soup version 0.28.0-53-g5a82cb258f (webtiles) character file.

Game seed: 10228606907956398567

39 jamesp the Conjurer (level 3, -1/26 HPs)
             Began as a Draconian Conjurer on Aug 2, 2022.
             Killed from afar by Natasha (7 damage)
             ... with a magic dart
             ... on level 2 of the Dungeon.
             The game lasted 00:04:00 (1382 turns).

jamesp the Conjurer (Draconian Conjurer)            Turns: 1382, Time: 00:04:00

Health: -1/26      AC:  6    Str:  9    XL:     3   Next: 28%
Magic:  1/6        EV: 12    Int: 18    God:
Gold:   19         SH:  0    Dex: 11    Spells: 6/7 levels left

rFire   . . .      SeeInvis .   c - +0 falchion
rCold   . . .      Faith    .   (no shield)
rNeg    . . .      Spirit   .   (armour unavailable)
rPois   .          Reflect  .   (helmet restricted)
rElec   .          Harm     .   (no cloak)
rCorr   .          Rampage  .   (no gloves)
Will    .....                   b - +0 pair of boots
Stlth   ++........              (no amulet)
HPRegen 0.08/turn               (no ring)
MPRegen 0.10/turn               (no ring)

@: slowed, very slow
A: AC +5, unfitting armour, cold-blooded
a: no special abilities


You were on level 2 of the Dungeon.
You visited 1 branch of the dungeon, and saw 2 of its levels.

You collected 19 gold pieces.

Inventory:

Hand Weapons
 a - a +0 dagger
 c - a +0 falchion (weapon)
Missiles
 e - 18 stones
Armour
 b - a +0 pair of boots (worn)
Scrolls
 g - a scroll of teleportation {unknown}
 h - a scroll of identify {unknown}
Potions
 d - a potion of degeneration {unknown}
 f - a potion of heal wounds {unknown}


   Skills:
 + Level 2.4 Dodging
 - Level 1.7 Stealth
 + Level 2.5 Spellcasting
 + Level 4.4 Conjurations


You had 6 spell levels left.
You knew the following spells:

 Your Spells              Type           Power      Damage    Failure   Level
a - Magic Dart            Conj           72%        1d6       2%          1

Your spell library contained the following spells:

 Spells                   Type           Power      Damage    Failure   Level
 Searing Ray              Conj           36%        2d5       4%          2
 Dazzling Flash           Conj/Hex       20%        N/A       21%         3
 Fulminant Prism          Conj/Hex       5%         3d7       56%         4
 Iskenderun's Mystic Bla  Conj/Tloc      10%        2d4       56%         4


Dungeon Overview and Level Annotations

Branches:
Dungeon (2/15)

Altars:

Shops:
D:1 =

Annotations:
D:2 Natasha


Innate Abilities, Weirdness & Mutations

Your plain brown scales are hard. (AC +5)
You cannot fit into any form of body armour.
You are cold-blooded and may be slowed by cold attacks.


Message History

Natasha is heavily wounded.
Natasha claws you.
Aiming: Magic Dart (safe; 2% risk of failure)
Press: ? - help, Q - select action, (/) - cycle Shift-Dir - straight line, f/p - Natasha
Aim: Natasha (heavily wounded, 100% to hit)
The magic dart hits Natasha.
Natasha is severely wounded.
Natasha closely misses you.
Aiming: Magic Dart (safe; 2% risk of failure)
Press: ? - help, Q - select action, (/) - cycle Shift-Dir - straight line, f/p - Natasha
Aim: Natasha (severely wounded, 100% to hit)
The magic dart hits Natasha but does no damage.
Natasha is severely wounded.
Natasha claws you. Natasha casts a spell at you. The magic dart hits you.
You closely miss Natasha.
Natasha is severely wounded.
Natasha mumbles some strange words.
Natasha stares at you and mumbles some strange words.
The magic dart hits you!
You hit Natasha.
Natasha is almost dead.
Natasha misses you.
The crimson imp hits you but does no damage.
Natasha completely misses you. The crimson imp completely misses you.
You barely miss Natasha.
Your tail-slap misses Natasha.
Natasha is almost dead.
Natasha closely misses you.
The crimson imp hits you but does no damage.
Natasha claws you but does no damage.
You closely miss Natasha.
Natasha is almost dead.
The crimson imp shouts, "Beg for mercy, thou odious fob-snatching nert!"
The crimson imp hits you. Natasha claws you.
* * * LOW HITPOINT WARNING * * *
The crimson imp hits you but does no damage.
Natasha stares at you and mumbles some strange words.
The magic dart hits you!
You die...

... .. # .^ ... #.###
##... .#. #...#
#...#.## ##...
#.#.##..# ..###.....
#.#....# #..##.....
#.#5@.## ##........
#.#.#h.####...#..#.#
#...##.......)...#.#.
#..##............#.#.
#..##.##.........#<#.
##....##.........).#.
##########
#..####........##...
.........#####.##
#..########†..
.........##....#
##.### #....


You could see Natasha and a crimson imp (summoned).

Vanquished Creatures
  2 worms
  A ball python (D:1)
  6 endoplasms
  2 giant cockroaches (D:1)
  2 goblins
  4 hobgoblins
  3 quokkas
  2 bats (D:1)
  2 frilled lizards
  2 kobolds
  3 rats (D:1)
29 creatures vanquished.

Notes
Turn   | Place    | Note
-------+----------+-------------------------------------------
     0 | D:1      | jamesp the Draconian Conjurer began the quest for the Orb.
     0 | D:1      | Reached XP level 1. HP: 14/14 MP: 3/3
   353 | D:1      | Found Deppo's Jewellery Shoppe.
   420 | D:1      | Reached XP level 2. HP: 20/20 MP: 0/5
  1070 | D:2      | Reached XP level 3. HP: 25/26 MP: 3/6
  1071 | D:2      | Noticed Natasha
  1382 | D:2      | Killed from afar by Natasha

Illustrated notes

Levels and vault maps discovered:
D:1:      wander_arrival_peaceful_grave, layout_rooms, serial_shops, shop
D:2:      wander_river, layout_rooms, uniq_natasha, uniq_sigmund

Skill      XL: |  1 |
---------------+----+-----
Dodging        | 2 |  2.4
Stealth        | |  1.7
Spellcasting   | |  2.5
Conjurations   | |  4.4

Action                   || total
-------------------------++-------
Melee: Dagger            ||    21
       Tailslap          ||     6
       Falchion          ||    40
       Punch             ||     1
 Cast: Magic Dart        ||    47
 Stab: Sleeping          ||     1
Armor: Skin              ||    19
Dodge: Dodged            ||    39
